 Dungeon Crawl Stone Soup version 0.29.1-1-gd02db6906a (webtiles) character file.

Game seed: 14186307005111593495

2 Linkola the Digger (level 1, 10/10 HPs)
             Began as a Deep Elf Earth Elementalist on Oct 22, 2022.
             Quit the game on level 1 of the Dungeon.
             The game lasted 00:01:18 (150 turns).

Linkola the Digger (Deep Elf Earth Elementalist)     Turns: 150, Time: 00:01:18

Health: 10/10      AC:  2    Str:  5    XL:     1   Next: 25%
Magic:  6/6        EV: 12    Int: 19    God:
Gold:   31         SH:  0    Dex: 15    Spells: 5/6 levels left

rFire   . . .      SeeInvis .   (no weapon)
rCold   . . .      Faith    .   (no shield)
rNeg    . . .      Spirit   .   a - +0 robe
rPois   .          Reflect  .   (no helmet)
rElec   .          Harm     .   (no cloak)
rCorr   .          Rampage  .   (no gloves)
Will    .....                   (no boots)
Stlth   ++........              (no amulet)
HPRegen 0.03/turn               (no ring)
MPRegen 0.10/turn               (no ring)

@: no status effects
A: no striking features
a: no special abilities


You were on level 1 of the Dungeon.
You visited 1 branch of the dungeon, and saw 1 of its levels.

You collected 31 gold pieces.

Inventory:

Armour
 a - a +0 robe (worn)
Scrolls
 d - a scroll of teleportation
Potions
 b - a potion of magic


   Skills:
 + Level 2.4 Dodging
 + Level 2.4 Stealth
 + Level 3.0 Spellcasting
 + Level 1.1 Transmutations
 + Level 3.4 Earth Magic


You had 5 spell levels left.
You knew the following spells:

 Your Spells              Type           Power      Damage    Failure   Level
a - Sandblast             Erth           32%        2d9       3%          1

Your spell library contained the following spells:

 Spells                   Type           Power      Damage    Failure   Level
 Passwall                 Tmut/Erth      9%         N/A       9%          2
 Stone Arrow              Conj/Erth      18%        3d8       22%         3
 Petrify                  Tmut/Erth      11%        N/A       52%         4


Dungeon Overview and Level Annotations

Branches:
Dungeon (1/15)

Altars:

Shops:
D:1 [


Message History

The blast of sand hits the endoplasm.
You kill the endoplasm!
Magic restored.
Found a stone staircase leading down.
You now have 20 gold pieces (gained 7).
You now have 31 gold pieces (gained 11).
d - a scroll labelled DYLOET HUIDIAXYGI
As you read the scroll labelled HAYPUV AHAKHLI, it crumbles to dust.
It is a scroll of identify.
d - a scroll of teleportation
Found Peugaviw's Antique Armour Shop.
A rat comes into view.
Aiming: Sandblast (safe; 3% risk of failure)
Press: ? - help, Q - select action Shift-Dir - straight line, f - rat
Aim: a rat (82% to hit)
The blast of sand misses the rat.
A rat is nearby!
Aiming: Sandblast (safe; 3% risk of failure)
Press: ? - help, Q - select action Shift-Dir - straight line, f/p - rat
Aim: a rat (82% to hit)
The blast of sand misses the rat.
Aiming: Sandblast (safe; 3% risk of failure)
Press: ? - help, Q - select action Shift-Dir - straight line, f/p - rat
Aim: a rat (82% to hit)
The blast of sand hits the rat!
You kill the rat!
There is an entrance to Peugaviw's Antique Armour Shop here.
Found 2 stones.
A kobold comes into view. It is wielding a +0 short sword.
Found 2 gold pieces.
Found a faded altar of an unknown god.
Aiming: Sandblast (safe; 3% risk of failure)
Press: ? - help, Q - select action Shift-Dir - straight line, f - you That would be overly suicidal.
Okay, then.
Aiming: Sandblast (safe; 3% risk of failure)
Press: ? - help, Q - select action Shift-Dir - straight line, f - you That would be overly suicidal.
Okay, then.
Unknown command.
Are you sure you want to abandon this character and quit the game? (Confirm with "yes".)

......... .....$..
#..... . #.... ... ...##
###### ....#####..###
#..... ~$~..........##
#..... ~_$..?.@......#
#..... ~~$...........##
#..... .K.............##
######
.............#..## ##...
.....(...###.#...###....
.........# #.#..∩.##>...
....##.... ..#....##....
#.## ..... ###.#......##
#.##.#.....


You could see a kobold (asleep).

Vanquished Creatures
  An endoplasm (D:1)
  A rat (D:1)
2 creatures vanquished.

Notes
Turn   | Place    | Note
-------+----------+-------------------------------------------
     0 | D:1      | Linkola the Deep Elf Earth Elementalist began the quest for
                  | the Orb.
     0 | D:1      | Reached XP level 1. HP: 10/10 MP: 6/6
   105 | D:1      | Found Peugaviw's Antique Armour Shop.
   148 | D:1      | Found a faded altar of an unknown god.
   150 | D:1      | Quit the game

Illustrated notes

Levels and vault maps discovered:
D:1:      elethiomel_arrival_quiet, layout_basic,
          hellmonk_ecumenical_altar_pennies_from_heaven, serial_shops, shop,
          roderic_lattice_a

Action                   || total
-------------------------++-------
 Cast: Sandblast         ||     4
  Use: Scroll            ||     1
